 Dungeon Crawl Stone Soup version 0.31-a0-971-g75a2e9a4b4 (webtiles) character file.

Game seed: 17624949497220838515

1151 Dordric the Thaumaturge (level 8, -4/52 HPs)
             Began as a Mummy Necromancer on Oct 28, 2023.
             Slain by an orc
             ... wielding a +0 war axe of electrocution
              (5 damage)
             ... on level 5 of the Dungeon.
             The game lasted 00:10:21 (5618 turns).

Dordric the Thaumaturge (Mummy Necromancer)         Turns: 5618, Time: 00:10:22

Health: -4/52      AC:  6    Str: 12    XL:     8   Next: 15%
Magic:  15/20      EV: 12    Int: 19    God:
Gold:   283        SH:  0    Dex: 12    Spells: 5/24 levels left

rFire   x . .        j - +3 dagger (distort)
rCold   + . .        (no shield)
rNeg    + + +        a - +0 robe
rPois   ∞            (no helmet)
rElec   .            m - +0 cloak
rCorr   .            (no gloves)
SInv    +            i - +2 pair of boots of Loshenno {rPois Int+3}
Will    +....        (no amulet)
Stlth   ++           d - ring of see invisible
HPRegen 0.28/turn    (no ring)
MPRegen 0.17/turn

%: faith
@: no status effects
A: cold resistance 1, negative energy resistance 3, torment resistance 2, heat
vulnerability 1, in touch with death 1, no potions, faith
a: no special abilities


You were on level 5 of the Dungeon.
You visited 1 branch of the dungeon, and saw 6 of its levels.

You collected 283 gold pieces.

Inventory:

Hand Weapons
 j - a +3 dagger of distortion (weapon)
Armour
 a - a +0 robe (worn)
 i - the +2 pair of boots of Loshenno (worn) {rPois Int+3}
   (You found it on level 3 of the Dungeon)

   Int+3:     It affects your intelligence (+3).
   rPois:     It protects you from poison
 m - a +0 cloak (worn)
Jewellery
 b - a ring of ice
 d - a ring of see invisible (left hand)
 g - an amulet of magic regeneration
Scrolls
 c - 5 scrolls of teleportation {unknown}
 f - a scroll of poison {unknown}
 l - 3 scrolls of identify {unknown}
 n - 3 scrolls of enchant armour {unknown}
 o - a scroll of vulnerability {unknown}


   Skills:
 - Level 1.5 Dodging
 - Level 1.5 Stealth
 + Level 8.6 Spellcasting
 + Level 8.0 Necromancy


You had 5 spell levels left.
You knew the following spells:

 Your Spells              Type           Power      Damage    Failure   Level
a - Necrotise             Necr           100%       1d9       1%          1
b - Vampiric Draining     Necr           55%        2d9       1%          3
c - Cigotuvi's Dreadful   Necr/Pois/Air  54%        N/A       4%          2
d - Dispel Undead         Necr           55%        3d20      3%          4
e - Animate Dead          Necr           55%        N/A       3%          4
f - Agony                 Necr           55%        N/A       9%          5

Your spell library contained the following spells:

 Spells                   Type           Power      Damage    Failure   Level
 Slow                     Hex            32%        N/A       9%          1
 Confusing Touch          Hex            8%         N/A       26%         3
 Sigil of Binding         Hex            8%         N/A       26%         3
 Summon Forest            Summ/Tloc      4%         N/A       94%         5
 Summon Mana Viper        Hex/Summ       8%         N/A       94%         5
 Death Channel            Necr           27%        N/A       43%         6
 Summon Cactus Giant      Summ           4%         N/A       100%        6


Dungeon Overview and Level Annotations

Branches:
Dungeon (6/15)
 Temple: D:4-7

Altars:
Ashenzari
Fedhas
Uskayaw
Vehumet


Innate Abilities, Weirdness & Mutations

You are immune to poison.
Your flesh is cold resistant. (rC+)
You are immune to negative energy. (rN+++)
You are immune to unholy pain and torment.
You are vulnerable to heat. (rF-)
You are in touch with the powers of death.
You do not drink.
You have a special connection with the divine. (Faith)


Message History

Your kobold skeleton crumbles into dust!
Your orc skeleton crumbles into dust!
There is a stone staircase leading down here.
The kobold hits you with a +0 short sword.
The kobold brigand hits you with a +0 whip.
The howler monkey closely misses you.
Things that are here:
3 poisoned darts; a +0 short sword The howler monkey attacks as it pursues you!
The howler monkey hits you.
The orc hits you with a +0 war axe of electrocution.
There is a stone staircase leading down here.
Casting: Necrotise (safe; 1% risk of failure)
Confirm with . or Enter, or press ? or * to list all spells.
Okay, then.
Casting: Necrotise (safe; 1% risk of failure)
Confirm with . or Enter, or press ? or * to list all spells.
Aiming: Agony (quite dangerous; 9% risk of failure)
Press: ? - help, Shift-Dir - straight line, f - orc
Aim: an orc, wielding a +0 war axe of electrocution (chance to affect: 100%)
You feel a surge of power!
The orc convulses!
The howler monkey barely misses you.
The orc hits you with a +0 war axe of electrocution!
You are electrocuted!
* * * LOW HITPOINT WARNING * * *
As you read the scroll labelled POWKUIDWAT, it crumbles to dust.
You feel momentarily disoriented.
It was a scroll of revelation.
The howler monkey hits you but does no damage.
The orc closely misses you.
As you read the scroll labelled RIORONL IRHASKEDGH, it dissolves into smoke.
It was a scroll of fog.
The howler monkey barely misses you.
The orc hits you with a +0 war axe of electrocution.
* * * LOW HITPOINT WARNING * * *
The howler monkey hoots and howls with incredible vigour!
Unknown command.
As you read the scroll labelled NEEH GETRINI, it crumbles to dust.
It is a scroll of enchant weapon.
Your +2 dagger of distortion glows red for a moment.
The orc hits you with a +0 war axe of electrocution.
You die...

# ####...).............## ###
#..................#
..####................#.#
#..##.........).......#.#
##...................##.#
##.>.........##..<..###.#
...#.####.#.###########.#
..##Z# #.....§########.#
.##..# ######Kh@oK####.#
....## #####K###o§)##.##
..Z## #####o#####...!.# ....#
#####.#########.##
....#########....######...###
........).###....######.☼.§.#
....#...#........######.☼.§.#
....###.#..#.....#####..☼_.§#
...###≈~~~≈~~≈~..##......?○°#


You could see a kobold brigand, a howler monkey, 2 orcs and 2 kobolds.

Vanquished Creatures
  Sigmund (D:3)
  Edmund (D:4)
  An ogre (D:4)
  5 wights (D:5)
  A howler monkey (D:4)
  3 hounds
  Crazy Yiuf (D:3)
  2 iguanas
  4 orc wizards (D:5)
  3 adders
  A shadow imp (D:5)
  A worm (D:3)
  2 dart slugs
  15 orcs
  5 ball pythons
  7 endoplasms
  3 giant cockroaches
  5 goblins
  6 hobgoblins
  5 jackals
  5 quokkas
  9 bats
  6 frilled lizards
  8 kobolds
  4 rats
104 creatures vanquished.

Vanquished Creatures (collateral kills)
  A jackal (D:1)
  A rat (D:1)
2 creatures vanquished.

Vanquished Creatures (others)
  9 orc zombies (D:5)
9 creatures vanquished.

Grand Total: 115 creatures vanquished

Notes
Turn   | Place    | Note
-------+----------+-------------------------------------------
     0 | D:1      | Dordric the Mummy Necromancer began the quest for the Orb.
     0 | D:1      | Reached XP level 1. HP: 13/13 MP: 4/4
   183 | D:1      | Reached XP level 2. HP: 19/19 MP: 4/6
   744 | D:1      | Reached XP level 3. HP: 22/24 MP: 2/8
  1331 | D:1      | Learned a level 3 spell: Vampiric Draining
  1465 | D:2      | Found a faded altar of an unknown god.
  2313 | D:3      | Reached XP level 4. HP: 30/30 MP: 2/10
  2427 | D:3      | Identified the +2 pair of boots of Loshenno {rPois Int+3}
  2429 | D:3      | Noticed Sigmund
  2433 | D:3      | Killed Sigmund
  2434 | D:3      | Reached skill level 5 in Spellcasting
  2434 | D:3      | Reached skill level 5 in Necromancy
  2434 | D:3      | Reached XP level 5. HP: 33/35 MP: 1/13
  2763 | D:3      | Found a runed translucent door.
  2764 | D:3      | Noticed Crazy Yiuf
  3288 | D:3      | Killed Crazy Yiuf
  3289 | D:3      | Reached XP level 6. HP: 18/41 MP: 14/14
  3634 | D:4      | Found a hide-covered altar of Uskayaw.
  3636 | D:4      | Found a blossoming altar of Fedhas.
  3848 | D:4      | Noticed Edmund
  3860 | D:4      | Killed Edmund
  3861 | D:4      | Reached XP level 7. HP: 33/46 MP: 3/17
  4455 | D:4      | Learned a level 2 spell: Cigotuvi's Dreadful Rot
  4460 | D:4      | Learned a level 4 spell: Dispel Undead
  4465 | D:4      | Learned a level 4 spell: Animate Dead
  4471 | D:4      | Learned a level 5 spell: Agony
  4495 | D:5      | Entered Level 5 of the Dungeon
  5093 | D:5      | Found a broken altar of Ashenzari.
  5120 | D:5      | Found a radiant altar of Vehumet.
  5351 | D:5      | Reached XP level 8. HP: 48/50 MP: 15/20
  5617 | D:5      | HP: 1/52 [orc/+0 war axe of electrocution (6)]
  5618 | D:5      | Slain by an orc

Illustrated notes

Levels and vault maps discovered:
D:1:      spicycebolla_arrival_xxxplode, layout_basic
D:2:      layout_basic, shapermc_ecumenical_altar_venn
D:3:      layout_basic, serial_bayou, serial_bayou_crossing,
          serial_bayou_lagoon_b, serial_bayou_pond_e, serial_bayou_pond_d,
          uniq_crazy_yiuf_cottage, uniq_sigmund
D:4:      layout_basic, jmf_multi_god_temple, uniq_edmund
D:5:      layout_rooms, nicolae_tso_swordbearing_angel, fiery_altar_vehumet,
          mainiacjoe_overflow_alcove_2, minmay_crystal_water
D:6:      layout_basic, minmay_temple_entry_slanted, uniq_jeremiah

Skill      XL: |  1  2  3  4  5  6  7  8 |
---------------+-------------------------+-----
Spellcasting   | 3 4 5 6 8 |  8.6
Necromancy     | 5 6 7 8 |  8.0
Dodging        | |  1.5
Stealth        | |  1.5

Action                     |  1- 3 |  4- 6 |  7- 9 || total
---------------------------+-------+-------+-------++-------
  Melee: Unarmed           |     3 |       |       ||     3
         Dagger            |       |    36 |    41 ||    77
         Punch             |       |       |     1 ||     1
   Cast: Necrotise         |    75 |    24 |    41 ||   140
         Vampiric Draining |     3 |     6 |     5 ||    14
         Animate Dead      |       |       |     3 ||     3
         Cigotuvi's Dreadf |       |       |     3 ||     3
         Dispel Undead     |       |       |     4 ||     4
         Agony             |       |       |     1 ||     1
    Use: Scroll            |       |       |     3 ||     3
 Armour: Robe              |    13 |    16 |    58 ||    87
  Dodge: Dodged            |    17 |    17 |    48 ||    82

Table legend: (Time is in decaauts)
 A = Elapsed time spent in this place.
 B = Non-inter-level travel time spent in this place.
 C = Inter-level travel time spent in this place.
 D = Time resting spent in this place.
 E = Time spent auto-exploring this place.
 F = Levels seen in this place.
 G = Mean time per level.
                   A        B        C        D        E       F      G
               +--------+--------+--------+--------+--------+-----+--------+
         Total |   5645 |   5525 |    120 |    210 |   4580 |   6 |  940.8 |
       Dungeon |   5645 |   5525 |    120 |    210 |   4580 |   6 |  940.8 |
               +--------+--------+--------+--------+--------+-----+--------+

Top non-repeatable levels by time:
     D:1: 1399 daAuts
     D:3: 1212 daAuts
     D:5: 1119 daAuts
     D:4: 1075 daAuts
     D:2: 834 daAuts
     D:6: 4 daAuts
